Map: [ESL] Tropical Sacrifice

Players

Neeb

  • Race: Protoss Protoss
  • Spawn Location: 7:00

DRG - Winner!

  • Race: Zerg Zerg
  • Spawn Location: 1:00

Event: DreamHack SC2 Masters 2022 Valencia

VOD

Have the link to the VOD?

Description

Time

  • Played on: July 2, 2022, 11:52 a.m.
  • Length: 10:03

All games in this series

Show
View Real Time Build Order
Export as new Build Order

Neeb Protoss 

Build Orders: 1 Gate Expand, Oracle Opening 

Get SALT Encoding   

  12  0:00  Probe  
  13  0:12  Probe  
  14  0:18  Pylon  
  14  0:24  Probe  
  15  0:36  Probe (Chrono Boost)  
  16  0:43  Gateway  
  16  0:46  Probe (Chrono Boost)  
  16  0:49  Assimilator  
  17  0:51  Probe (Chrono Boost)  
  18  1:03  Probe  
  19  1:15  Probe  
  20  1:27  Nexus  
  20  1:37  Cybernetics Core  
  21  1:40  Probe  
  21  1:47  Assimilator  
  21  1:52  Probe  
  21  1:54  Pylon  
  22  2:04  Probe (Chrono Boost)  
  23  2:13  Adept  
  23  2:14  Probe (Chrono Boost)  
  26  2:19  Probe (Chrono Boost)  
  27  2:24  Stargate  
  28  2:30  Probe (Chrono Boost)  
  28  2:33  Warp Gate  
  28  2:39  Probe (Chrono Boost)  
  28  2:41  Probe (Chrono Boost)  
  28  2:43  Adept  
  32  2:48  Probe (Chrono Boost)  
  32  2:49  Probe (Chrono Boost)  
  34  2:53  Probe (Chrono Boost)  
  34  2:56  Probe  
  35  3:02  Gateway  
  35  3:05  Probe  
  36  3:06  Oracle (Chrono Boost)  
  36  3:12  Probe  
  40  3:17  Probe  
  40  3:19  Pylon  
  41  3:24  Probe  
  41  3:25  Adept  
  44  3:29  Probe  
  45  3:36  Probe  
  45  3:38  Oracle (Chrono Boost)  
  46  3:41  Probe  
  50  3:49  Probe  
  50  3:53  Probe  
  50  3:54  Pylon  
  52  3:59  Nexus  
  52  4:01  Probe  
  53  4:05  Assimilator  
  53  4:06  Probe  
  54  4:10  Assimilator  
  54  4:12  Oracle  
  54  4:14  Probe  
  58  4:18  Probe  
  58  4:21  Pylon  
  59  4:26  Probe  
  59  4:27  Forge  
  59  4:33  Twilight Council  
  59  4:35  Probe  
  59  4:38  Probe  
  61  4:47  Probe  
  61  4:48  Gateway  
  61  4:50  Probe, Gateway  
  61  4:51  Blink  
  63  4:55  Protoss Ground Weapons Level 1 (Chrono Boost)  
  63  4:58  Pylon  
  63  4:59  Probe  
  64  5:02  Probe  
  65  5:11  Probe x2  
  67  5:14  Probe  
  68  5:23  Probe x2  
  68  5:26  Probe  
  68  5:33  Gateway  
  68  5:34  Gateway  
  68  5:35  Probe  
  69  5:36  Gateway  
  69  5:37  Probe  
  69  5:38  Pylon  
  69  5:40  Probe  
  69  5:41  Stalker x2  
  75  5:45  Stalker  
  75  5:47  Probe  
  75  5:48  Stalker  
  81  5:50  Probe  
  81  5:55  Pylon  
  81  6:04  Forge  
  81  6:05  Pylon  
  81  6:10  Nexus  
  81  6:11  Pylon, Probe  
  81  6:12  Probe  
  83  6:19  Stalker x2  
  83  6:24  Stalker x2  
  91  6:31  Probe x3, Protoss Ground Weapons Level 2 (Chrono Boost)  
  94  6:33  Photon Cannon  
  94  6:35  Shield Battery  
  94  6:38  Stalker x2  
  90  6:42  Stalker  
  90  6:43  Stalker  
  90  6:46  Protoss Ground Armor Level 1 (Chrono Boost)  
  90  6:54  Gateway  
  90  6:58  Oracle (Chrono Boost)  
  90  6:59  Charge  
  93  7:02  Stalker  
  93  7:06  Stalker x2  
  99  7:11  Probe x3  
  102  7:20  Pylon  
  102  7:22  Stalker x3  
  108  7:23  Probe x3  
  108  7:29  Probe  
  112  7:32  Oracle (Chrono Boost)  
  112  7:33  Stalker x2  
  112  7:35  Probe  
  120  7:39  Stalker x2  
  120  7:43  Assimilator  
  124  7:46  Pylon  
  124  7:47  Gateway  
  124  7:48  Gateway  
  124  7:49  Assimilator  
  124  7:54  Probe x4  
  124  7:57  Stalker  
  130  8:02  Stalker, Oracle  
  130  8:05  Stalker  
  137  8:09  Photon Cannon  
  137  8:11  Shield Battery  
  137  8:12  Pylon  
  137  8:14  Pylon  
  137  8:29  Stalker x3  
  143  8:35  Nexus  
  143  8:39  Pylon  
  146  8:43  Stalker  
  146  8:44  Stalker x3  
  151  8:51  Assimilator  
  151  8:59  Photon Cannon  
  151  9:00  Zealot x6  
  151  9:01  Shield Battery  
  163  9:03  Pylon  
  163  9:09  Oracle  
  166  9:15  Zealot x4  
  170  9:21  Stalker x3  
  154  9:24  Stalker  
  154  9:27  Probe  
  154  9:28  Probe  
  154  9:30  Probe  
  139  9:34  Zealot x2  
  139  9:38  Zealot x4  
  148  9:39  Probe  
  128  9:54  Nexus  
  128  9:56  Stalker x3  
  128  9:59  Zealot  
Show
View Real Time Build Order
Export as new Build Order

DRG Zerg - Winner!

Build Orders: Hatch First 

Get SALT Encoding   

  12  0:00  Drone  
  13  0:12  Overlord  
  13  0:17  Drone  
  14  0:30  Drone x2  
  14  0:34  Drone  
  17  0:52  Hatchery  
  17  0:55  Drone  
  17  0:58  Drone  
  18  1:05  Extractor  
  17  1:14  Spawning Pool  
  17  1:17  Drone  
  17  1:21  Drone  
  18  1:28  Drone  
  19  1:39  Drone  
  20  1:51  Drone  
  21  1:59  Overlord  
  21  2:04  Queen x2  
  21  2:06  Metabolic Boost  
  25  2:10  Zergling x2  
  25  2:14  Zergling x2  
  27  2:18  Drone  
  27  2:21  Drone  
  29  2:25  Drone  
  30  2:32  Drone  
  30  2:37  Drone  
  32  2:43  Hatchery  
  31  2:49  Queen  
  33  2:53  Overlord  
  33  2:56  Drone  
  34  3:00  Drone  
  34  3:02  Overlord  
  35  3:11  Queen  
  37  3:14  Drone x2  
  37  3:18  Drone x2  
  41  3:20  Drone  
  41  3:22  Drone  
  41  3:24  Drone  
  44  3:29  Queen  
  46  3:34  Overlord  
  46  3:36  Drone  
  47  3:44  Drone x3  
  47  3:47  Queen  
  52  3:54  Drone  
  52  3:55  Drone x2  
  55  3:57  Queen  
  55  4:00  Spore Crawler  
  55  4:02  Drone  
  57  4:06  Zergling x4  
  57  4:07  Drone  
  60  4:11  Drone  
  60  4:12  Extractor  
  60  4:13  Drone x2  
  60  4:16  Drone  
  60  4:17  Drone  
  64  4:19  Overlord  
  64  4:22  Overlord  
  64  4:25  Drone  
  64  4:27  Overlord  
  64  4:28  Drone  
  67  4:33  Evolution Chamber  
  67  4:37  Spore Crawler  
  65  4:40  Drone x3  
  65  4:41  Drone  
  65  4:42  Drone x3  
  65  4:44  Drone  
  73  4:48  Drone x2  
  75  4:53  Drone  
  75  4:58  Hatchery  
  75  4:59  Drone  
  76  5:00  Overlord  
  76  5:03  Zerg Melee Weapons Level 1  
  76  5:06  Roach Warren  
  75  5:14  Drone  
  75  5:20  Drone x3  
  76  5:22  Drone x6, Lair  
  76  5:26  Drone x2  
  83  5:29  Drone  
  83  5:30  Extractor x2, Drone  
  83  5:33  Extractor  
  83  5:35  Drone x4  
  86  5:39  Zergling x6  
  89  5:46  Evolution Chamber, Drone x2  
  89  5:48  Zergling x2  
  91  5:51  Zergling x2  
  91  5:52  Zergling x4  
  94  6:00  Spore Crawler, Zergling x2  
  94  6:01  Zergling x8  
  94  6:03  Overlord  
  97  6:06  Overlord  
  97  6:08  Hatchery  
  96  6:14  Zergling x12  
  96  6:17  Overlord  
  102  6:22  Zergling x8  
  106  6:26  Overlord  
  106  6:30  Zergling x8  
  109  6:36  Zergling x10  
  106  6:42  Drone x2  
  106  6:44  Glial Reconstitution, Zerg Ground Armor Level 1  
  106  6:48  Drone  
  106  6:49  Drone x4  
  106  6:50  Spore Crawler  
  106  6:51  Overlord  
  110  6:54  Roach  
  110  6:55  Roach x4  
  110  6:59  Zerg Melee Weapons Level 2  
  110  7:00  Overlord  
  120  7:02  Zergling x6  
  120  7:03  Baneling Nest  
  120  7:06  Overlord  
  121  7:08  Drone x2  
  121  7:09  Drone x2  
  121  7:11  Zergling x4  
  121  7:15  Zergling x10  
  132  7:17  Overlord  
  132  7:22  Overlord  
  132  7:23  Overlord x2  
  132  7:26  Roach x2  
  142  7:30  Roach x3  
  142  7:31  Overlord  
  142  7:34  Zergling x4  
  144  7:40  Drone  
  144  7:41  Drone x6  
  144  7:44  Infestation Pit  
  150  7:45  Pneumatized Carapace, Zergling x10  
  154  7:54  Spore Crawler, Drone x2  
  154  7:55  Zergling x16  
  154  7:58  Centrifugal Hooks  
  163  8:01  Zergling x4  
  165  8:10  Roach x5  
  165  8:11  Roach x3  
  181  8:15  Zergling x8  
  181  8:19  Zergling x10  
  190  8:26  Zergling x16  
  194  8:33  Zergling x4  
  195  8:36  Zergling x4  
  195  8:39  Zergling x6  
  200  8:43  Hive  
  200  8:45  Spine Crawler  
  199  8:52  Baneling x15  
  199  8:55  Zergling x2  
  200  8:58  Baneling x3  
  200  8:59  Baneling x3  
  200  9:06  Hatchery  
  190  9:17  Zergling x22  
  190  9:19  Zergling x10  
  183  9:29  Zergling x30  
  183  9:31  Zergling x4  
  182  9:36  Zergling x4  
  182  9:37  Zergling x6  
  186  9:39  Zergling x2  
  186  9:40  Zergling x4  
  186  9:44  Zergling x6  

Tags
 
Add a new tag
Caveats
  • Supply blocks, unpowered buildings, or Contaminate may cause inaccurate times.
  • Supply counts are checked every 10 seconds.